 Dungeon Crawl Stone Soup version 0.28-a0-1435-g82390b3a13 (webtiles) character file.

Game seed: 7202398536692970865

6659 shadowrider38 the Transmogrifier (level 11, 0/80 HPs)
             Began as an Octopode Transmuter on Jan 10, 2022.
             Was an Initiate of Gozag.
             Slain by Maurice (14 damage)
             ... on level 10 of the Dungeon.
             The game lasted 00:37:20 (19725 turns).

shadowrider38 the Transmogrifier (OpTm)            Turns: 19725, Time: 00:37:20

Health: 0/80       AC:  1    Str: 11    XL:     11   Next: 3%
Magic:  14/14      EV: 19    Int: 15    God:    Gozag
Gold:   0          SH:  0    Dex: 22    Spells: 10/14 levels left

rFire   . . .      SeeInvis .     - Unarmed
rCold   + . .      Faith    .   (no shield)
rNeg    . . .      Spirit   .   (helmet restricted)
rPois   .          Reflect  .   F - amulet of regeneration
rElec   .          Harm     .   v - ring of protection from cold
rCorr   .          Rampage  .   l - ring of flight
Will    .....                   E - +6 ring of dexterity
Stlth   +++.......              (no ring)
HPRegen 1.03/turn               (no ring)
MPRegen 0.14/turn               (no ring)
                                (no ring)
                                (no ring)

@: mighty, brilliant, flying
A: almost no armour, amphibious, 8 rings, camouflage 1, gelatinous body 1,
(nimble swimmer 1), tentacles
a: Renounce Religion, Potion Petition, Call Merchant, Bribe Branch


You were on level 10 of the Dungeon.
You worshipped Gozag.
Gozag was noncommittal.
You visited 2 branches of the dungeon, and saw 11 of its levels.
You also visited: Sewer.

You collected 458 gold pieces.
You paid 458 gold pieces to Gozag.

Inventory:

Hand Weapons
 d - a +1 mace of protection
 h - a +1 whip of flaming
 w - a +1 whip of electrocution
 y - a +2 short sword of venom
 D - a +4 quarterstaff of chaos
Missiles
 c - 6 curare-tipped darts
 e - 359 stones
 q - 21 poisoned darts
 u - 2 boomerangs
 x - 3 throwing nets
 R - 3 boomerangs of dispersal
Jewellery
 l - a ring of flight (right tentacle)
 v - a ring of protection from cold (left tentacle)
 E - a +6 ring of dexterity (on tentacle)
 F - an amulet of regeneration (around mantle)
 L - an amulet of the acrobat
Wands
 K - a wand of flame (13)
 O - a wand of acid (5)
 T - a wand of iceblast (1)
Scrolls
 f - a scroll of fog
 i - a scroll of summoning {unknown}
 j - 6 scrolls of enchant weapon
 n - a scroll of amnesia
 o - a scroll of brand weapon {unknown}
 p - 2 scrolls of teleportation
 s - 2 scrolls of immolation {unknown}
 t - 2 scrolls of magic mapping {unknown}
 z - 2 scrolls of blinking {unknown}
 A - a scroll of torment {unknown}
 H - 2 scrolls of vulnerability {unknown}
 J - a scroll of noise {unknown}
 N - a scroll of enchant armour {unknown}
Potions
 b - 2 potions of heal wounds
 g - 5 potions of curing
 k - 3 potions of resistance
 m - 2 potions of brilliance
 r - 4 potions of haste
 B - 2 potions of invisibility
 C - 3 potions of mutation
 G - 2 potions of attraction
 I - a potion of cancellation {unknown}
 P - a potion of magic {unknown}
 S - a potion of might


   Skills:
 - Level 9.0 Fighting
 - Level 8.0 Dodging
 - Level 3.0 Unarmed Combat
 - Level 2.0 Spellcasting
 + Level 9.7 Transmutations
 - Level 8.0 Poison Magic


You had 10 spell levels left.
You knew the following spells:

 Your Spells              Type           Power      Damage    Failure   Level
a - Beastly Appendage     Tmut           90%        N/A       1%          1
b - Spider Form           Tmut/Pois      42%        N/A       1%          3

Your spell library contained the following spells:

 Spells                   Type           Power      Damage    Failure   Level
 Wereblood                Tmut           45%        N/A       1%          2
 Magic Dart               Conj           8%         1d3       22%         1
 Ice Form                 Ice/Tmut       24%        N/A       30%         4
 Searing Ray              Conj           4%         2d4       32%         2
 Fulminant Prism          Conj/Hex       1%         3d6       91%         4
 Iskenderun's Battlesphe  Conj           2%         2d6       99%         5
 Iron Shot                Conj/Erth      1%         9d1       100%        6
 Spellforged Servitor     Conj/Summ      1%         N/A       100%        7


Dungeon Overview and Level Annotations

Branches:
Dungeon (10/15)            Temple (1/1) D:6           Sewer (visited)
   Lair: D:8-11         Orc: D:9-12

Altars:
Ashenzari
Cheibriados
Dithmenos
Elyvilon
Fedhas
Gozag
Hepliaklqana
Kikubaaqudgha
Makhleb
Nemelex Xobeh
Okawaru
Qazlal
Ru
Sif Muna
Trog
Uskayaw
Vehumet
Wu Jian
Xom
Yredelemnul
Zin
The Shining One

Annotations:
D:1 1 runed translucent door
D:3 Jessica
D:4 exclusion: downstairs
D:5 exclusion: downstairs
D:8 Psyche
D:10 exclusions: acid dragon and cyclops, Fannar, Maurice


Innate Abilities, Weirdness & Mutations

You cannot wear most types of armour.
You are amphibious.
You can wear up to eight rings at the same time.
Your skin changes colour to match your surroundings (Stealth+).
Your rubbery body absorbs attacks. (AC +1, EV +1)
((You are camouflaged when in or above water. (Stealth+)))
You have tentacles for arms and can constrict up to eight enemies at once.


Message History

Your transformation is almost over.
Maurice zaps a wand.
The mass of ice explodes!
The iceblast engulfs you. You partially resist.
Maurice casts a spell.
Maurice blinks!
Maurice zaps a wand.
The mass of ice explodes!
The iceblast engulfs you! You partially resist.
The now-empty wand crumbles to dust.
You hear a roar!
Maurice completely misses you.
You bite Maurice!
Maurice is poisoned.
Maurice is lightly wounded.
Maurice completely misses you.
You bite Maurice!
Maurice looks as sick as possible!
Maurice is moderately wounded.
Maurice barely misses you.
You barely miss Maurice.
Maurice is heavily wounded.
Maurice gestures wildly while chanting.
Maurice blinks!
Your transformation has ended.
Maurice casts a spell.
Maurice flickers and vanishes!
Deactivating autopickup; reactivate with Ctrl-A.
Things that are here:
a +0 cloak; a +0 dagger Something hits you!
Something steals your 2 scrolls of identify!
Something hits you!
Something steals your amulet of magic regeneration!
You bludgeon something! Your squeeze misses something. Something hits you!
* * * LOW HITPOINT WARNING * * *
Something steals 516 gold pieces!
You no longer have enough gold to petition Gozag for potion effects.
You now have 0 gold pieces.
You closely miss something. Your squeeze misses something. Something hits you!
* * * LOW HITPOINT WARNING * * *
Something steals the +4 dagger "Morg" {pain, Will+ Int+5}!
You miss something. You squeeze something. Something hits you!
You die...
Your body crumbles into a pile of gold.

# #.##.. .. #..... # ##.#..
.###..... ###
#..#.###..##....... D.#
#..#.@...##.####.## #.#######
#.....# #.#####.# #§[....)#
#.##### #.##....# #.§####.#
#..##.# #.##>##.# ..§## #.#
##[##.# #.##.##.#
.#..###.########@##<# #.##.##.#
###............{.##.####.##.##.#
.#..###.###########.......#[##.#
...## #.# #............#.##.#
#..# #.######.#########.......#
#..# #........# ##.#.#### #..#
#####################.# #..#
#.............#
...############.#############


There were no monsters in sight!

Vanquished Creatures
  2 two-headed ogres
  Pikel (D:5)
  A kobold demonologist (D:10)
  Grinder (D:4)
  2 wyverns
  Grum (D:9)
  A steam dragon (D:10)
  Edmund (D:6)
  A water moccasin (D:4)
  3 ice beasts
  A sky beast (D:5)
  A necrophage (D:5)
  2 orc warriors
  A hornet zombie (D:9)
  An ogre (D:4)
  2 wolves
  3 centaurs
  2 bullfrogs (D:8)
  4 kobold brigands
  A gnoll sergeant (D:8)
  A water moccasin skeleton (D:5)
  13 killer bees
  3 wights
  A howler monkey (D:6)
  4 centaur zombies
  2 jellies
  4 orc priests
  2 hounds (D:5)
  A centaur skeleton (D:6)
  Crazy Yiuf (D:4)
  A scorpion zombie (D:5)
  Natasha (thrice) (D:4)
  An iguana (D:5)
  3 orc wizards
  A killer bee zombie (D:6)
  A howler monkey zombie (D:10)
  11 gnolls
  12 adders
  3 river rats
  An ufetubus (D:6)
  3 worms
  2 dart slugs
  33 orcs
  11 ball pythons
  4 endoplasms
  3 giant cockroaches
  9 goblins
  8 hobgoblins
  6 jackals
  4 quokkas
  5 bats
  3 frilled lizards
  30 kobolds
  8 rats
230 creatures vanquished.

Vanquished Creatures (others)
  13 plants
13 creatures vanquished.

Grand Total: 243 creatures vanquished

Notes
Turn   | Place    | Note
-------+----------+-------------------------------------------
     0 | D:1      | shadowrider38 the Octopode Transmuter began the quest for
                  | the Orb.
     0 | D:1      | Reached XP level 1. HP: 13/13 MP: 3/3
     1 | D:1      | Found a runed translucent door.
   294 | D:1      | Reached XP level 2. HP: 19/19 MP: 5/5
  1266 | D:2      | Reached XP level 3. HP: 19/24 MP: 6/6
  1753 | D:2      | Found a snail-covered altar of Cheibriados.
  2545 | D:2      | Reached XP level 4. HP: 26/29 MP: 7/7
  2752 | D:3      | Noticed Jessica
  2755 | D:3      | Found a faded altar of an unknown god.
  2853 | D:3      | Found a glowing drain.
  2888 | Sewer    | Entered a sewer
  4023 | Sewer    | Reached XP level 5. HP: 34/34 MP: 8/8
  4246 | Sewer    | Noticed a kobold brigand
  4253 | Sewer    | Killed a kobold brigand
  4822 | Sewer    | Noticed a kobold brigand
  4842 | Sewer    | Killed a kobold brigand
  4843 | Sewer    | Reached XP level 6. HP: 21/43 MP: 9/9
  6204 | D:4      | Noticed Grinder
  6216 | D:4      | Killed Grinder
  6217 | D:4      | Reached skill level 5 in Fighting
  6217 | D:4      | Reached XP level 7. HP: 50/50 MP: 10/10
  6319 | D:4      | Learned a level 3 spell: Spider Form
  6500 | D:4      | Noticed Natasha
  6507 | D:4      | Killed Natasha
  6560 | D:4      | Found a runed translucent door.
  6561 | D:4      | Noticed Crazy Yiuf
  6581 | D:4      | Noticed Natasha
  6588 | D:4      | Killed Natasha
  6603 | D:4      | Found a glowing silver altar of Zin.
  6880 | D:4      | Reached skill level 5 in Transmutations
  7597 | D:4      | Noticed Natasha
  7600 | D:4      | Killed Natasha
  7954 | D:4      | Reached skill level 1 in Poison Magic
  8678 | D:4      | Killed Crazy Yiuf
  8679 | D:4      | Reached XP level 8. HP: 47/55 MP: 11/11
  8834 | D:5      | Entered Level 5 of the Dungeon
  9000 | D:5      | Reached skill level 5 in Dodging
  9010 | D:5      | Noticed a two-headed ogre
  9647 | D:6      | Noticed Edmund
  9674 | D:5      | Noticed Pikel
 10278 | D:5      | Killed Pikel
 10279 | D:5      | Reached XP level 9. HP: 45/62 MP: 12/12
 10788 | D:5      | Killed a two-headed ogre
 11674 | D:6      | Found a staircase to the Ecumenical Temple.
 11704 | D:6      | Killed Edmund
 11862 | Temple   | Entered the Ecumenical Temple
 12148 | Temple   | Became a worshipper of Gozag Ym Sagoz the Greedy
 12231 | D:6      | Found a stormy altar of Qazlal.
 14443 | D:7      | Reached XP level 10. HP: 71/71 MP: 13/13
 16956 | D:9      | Noticed a two-headed ogre
 16961 | D:9      | Noticed Psyche
 17316 | D:9      | Killed a two-headed ogre
 17743 | D:9      | Noticed Grum
 17760 | D:10     | Entered Level 10 of the Dungeon
 17764 | D:10     | Noticed a cyclops
 18268 | D:9      | Killed Grum
 18515 | D:10     | Noticed Fannar
 18562 | D:10     | Found the +4 dagger "Morg" {pain, Will+ Int+5}
 19295 | D:10     | Noticed Maurice
 19301 | D:10     | Noticed a kobold demonologist
 19698 | D:10     | Killed a kobold demonologist
 19699 | D:10     | Reached XP level 11. HP: 40/80 MP: 14/14
 19725 | D:10     | Slain by Maurice

Illustrated notes

Levels and vault maps discovered:
D:1:      dpeg_arrival_caged_fury, layout_rooms, serial_rivers,
          chequers_serial_rivers_small_3, chequers_serial_rivers_micro_a,
          chequers_serial_rivers_micro_e, chequers_serial_rivers_micro_e,
          chequers_serial_rivers_small_3, chequers_serial_rivers_marsh
D:2:      layout_basic, serial_glass, glass_columns_b, glass_columns_b,
          glass_columns_a, glass_columns_a, glass_columns_b, basic_altar
D:3:      layout_basic, cheibrodos_sewer_entry_sluice,
          hellmonk_ecumenical_altar_run_dry, kennysheep_generic_room_9,
          uniq_jessica
D:4:      corexii_shantytown, layout_basic, minivault_25,
          kennysheep_flooded_box, uniq_crazy_yiuf_cottage, uniq_natasha,
          uniq_grinder
D:5:      layout_gridville, chequers_arboretum, kennysheep_decorative_pillar,
          st_stairs_3, uniq_pikel
D:6:      layout_loops_ring, lemuel_tele_altar, minmay_temple_entry_mist,
          uniq_edmund
D:7:      layout_loops_ring
D:8:      layout_gridville
D:9:      layout_gridville, nicolae_figureground_pulse, uniq_psyche, uniq_grum
D:10:     minmay_evil_eye, layout_loops_ring, uniq_fannar, uniq_maurice
Temple:   compressed_dpeg_triangle_lava_temple

Skill      XL: |  1  2  3  4  5  6  7  8  9 10 |
---------------+-------------------------------+-----
Fighting       | 2 3 5 7 9 |  9.0
Dodging        | 3 4 6 7 8 |  8.0
Transmutations | 3 4 6 8 9 |  9.7
Poison Magic   | 2 6 8 |  8.0
Unarmed Combat | |  3.0
Spellcasting   | |  2.0

Action                   |  1- 3 |  4- 6 |  7- 9 | 10-12 || total
-------------------------+-------+-------+-------+-------++-------
Melee: Unarmed           |    71 |   109 |   365 |   360 ||   905
       Constrict         |    18 |    30 |    40 |     5 ||    93
       Tentacles         |    13 |    20 |    43 |     9 ||    85
       Kick              |    10 |    24 |    15 |       ||    49
       Punch             |     1 |     2 |     8 |       ||    11
Throw: Dart              |       |     4 |     7 |     1 ||    12
 Cast: Beastly Appendage |    13 |    15 |     6 |       ||    34
       Spider Form       |       |       |    23 |    32 ||    55
Invok: Potion Petition   |       |       |       |     1 ||     1
  Use: Scroll            |       |     9 |     6 |     3 ||    18
       Potion            |       |     1 |     1 |       ||     2
 Stab: Sleeping          |     7 |     5 |    10 |       ||    22
       Distracted        |       |     1 |     1 |     2 ||     4
Armor: Skin              |     4 |     5 |    17 |     9 ||    35
Dodge: Dodged            |    39 |    47 |   333 |   516 ||   935

Table legend: (Time is in decaauts)
 A = Elapsed time spent in this place.
 B = Non-inter-level travel time spent in this place.
 C = Inter-level travel time spent in this place.
 D = Time resting spent in this place.
 E = Time spent auto-exploring this place.
 F = Levels seen in this place.
 G = Mean time per level.
                   A        B        C        D        E       F      G
               +--------+--------+--------+--------+--------+-----+--------+
         Total |  19713 |  19011 |    702 |   9887 |   6092 |  12 | 1642.8 |
       Dungeon |  17171 |  16500 |    671 |   8289 |   5431 |  10 | 1717.1 |
        Temple |    295 |    264 |     31 |      0 |    252 |   1 |  295.0 |
         Sewer |   2245 |   2245 |      0 |   1598 |    409 |   1 | 2245.0 |
               +--------+--------+--------+--------+--------+-----+--------+

Top non-repeatable levels by time:
     D:4: 2993 daAuts
   Sewer: 2245 daAuts
     D:8: 2208 daAuts
     D:7: 2148 daAuts
     D:6: 1943 daAuts
     D:5: 1751 daAuts
     D:2: 1457 daAuts
     D:9: 1244 daAuts
     D:1: 1220 daAuts
     D:3: 1136 daAuts
    D:10: 1067 daAuts
  Temple: 295 daAuts
